 Dungeon Crawl Stone Soup version 0.27.1-33-g824d729ab1 (webtiles) character file.

Game seed: 12368298097989999626

32 SensoryNuts the Skirmisher (level 3, -2/34 HPs)
             Began as a Naga Monk on Dec 6, 2021.
             Slain by a hobgoblin (3 damage)
             ... led by Robin
             ... on level 2 of the Dungeon.
             The game lasted 00:01:02 (1441 turns).

SensoryNuts the Skirmisher (Naga Monk)              Turns: 1441, Time: 00:01:03

Health: -2/34      AC:  2    Str: 14    XL:     3   Next: 27%
Magic:  3/3        EV: 10    Int: 10    God:
Gold:   49         SH:  0    Dex: 13    Spells: 2/2 levels left

rFire    . . .     SeeInvis +   a - +0 falchion
rCold    . . .     Faith    .   (no shield)
rNeg     . . .     Spirit   .   b - +0 robe
rPois    +         Reflect  .   (no helmet)
rElec    .         Harm     .   (no cloak)
rCorr    .         Rampage  .   (no gloves)
Will     .....                  (no barding)
Stlth    ++........             (no amulet)
HPRegen  0.11/turn              (no ring)
MPRegen  0.08/turn              (no ring)

@: very slow
A: AC +1, large, see invisible, deformed body, poison resistance, slowness 2,
spit poison 1, naga tail 1
a: Spit Poison


You were on level 2 of the Dungeon.
You visited 1 branch of the dungeon, and saw 2 of its levels.

You collected 49 gold pieces.

Inventory:

Hand Weapons
 a - a +0 falchion (weapon)
Armour
 b - a +0 robe (worn)
Scrolls
 d - a scroll of vulnerability {unknown}
Potions
 c - 2 potions of curing {unknown}
 e - a potion of mutation {unknown}
 f - a potion of lignification {unknown}


   Skills:
 + Level 3.5 Fighting
 + Level 3.5 Long Blades
 + Level 2.7 Dodging
 + Level 3.1 Stealth


You had 2 spell levels left.
You didn't know any spells.
Your spell library was empty.

Dungeon Overview and Level Annotations

Branches:
Dungeon (2/15)

Altars:

Annotations:
D:2 Robin


Innate Abilities, Weirdness & Mutations

Your serpentine skin is tough. (AC +1)
You have supernaturally acute eyesight. (SInv)
Armour fits poorly on your strangely shaped body.
Your system is resistant to poisons. (rPois)
You cover ground very slowly.
You can spit poison.
You have a snake-like lower body.


Message History

There are monsters nearby!
There are monsters nearby!
There are monsters nearby!
There are monsters nearby!
You closely miss the frilled lizard.
The goblin shouts!
Robin roars a battlecry!
The goblins go into a battle-frenzy!
The goblin completely misses you.
The frilled lizard bites you but does no damage.
A goblin comes into view. It is wielding a +0 club.
The hobgoblin shouts!
You closely miss the frilled lizard.
The goblin shouts!
The goblin closely misses you. Robin throws the goblin at you!
The goblin hits you with a +0 club. The frilled lizard barely misses you.
You riposte.
You hit the frilled lizard but do no damage.
You hit the frilled lizard.
You kill the frilled lizard!
The goblin barely misses you. The goblin hits you with a +0 dagger.
Robin says, "Duck!"
Robin throws the goblin at you! The goblin closely misses you.
The goblin hits you but does no damage.
You closely miss the goblin. The goblin hits you with a +0 dagger.
The goblin hits you with a +0 club. The goblin hits you but does no damage.
The goblin closely misses you.
The hobgoblin hits you but does no damage.
The goblin barely misses you.
You riposte.
You closely miss the goblin. You closely miss the goblin.
The hobgoblin closely misses you.
You riposte.
You closely miss the hobgoblin. The goblin barely misses you.
The goblin hits you with a +0 club.
The goblin hits you with a +1 dagger of freezing.
* * * LOW HITPOINT WARNING * * *
The goblin freezes you.
* * * LOW HITPOINT WARNING * * *
The goblin hits you with a +0 dagger.
* * * LOW HITPOINT WARNING * * *
The hobgoblin hits you.
You die...

#....##..# #
+....+...####.#
#....##.#.....#..
#....##..........
#########.#######
#........#
#...†....#
#..ggg...#
#...@gg..#
#..ggg...#
#...g.g..#
#...g....#
#........#
#........#
#...$....#
#........#


You could see Robin, 3 hobgoblins and 7 goblins.

Vanquished Creatures
  2 dart slugs
  3 endoplasms
  4 goblins
  2 hobgoblins (D:1)
  2 jackals (D:1)
  4 kobolds (D:1)
  A quokka (D:1)
  2 ball pythons
  2 bats (D:1)
  4 frilled lizards
  A rat (D:1)
27 creatures vanquished.

Notes
Turn   | Place    | Note
-------+----------+-------------------------------------------
     0 | D:1      | SensoryNuts the Naga Monk began the quest for the Orb.
     0 | D:1      | Reached XP level 1. HP: 21/21 MP: 1/1
   272 | D:1      | Reached XP level 2. HP: 21/28 MP: 2/2
  1125 | D:1      | Reached XP level 3. HP: 28/34 MP: 3/3
  1435 | D:2      | Noticed Robin
  1441 | D:2      | HP: 1/34 [goblin[Robin] (4)]
  1441 | D:2      | Slain by a hobgoblin

Illustrated notes

Levels and vault maps discovered:
D:1:      sevenhm_arrival_forest_fort_large_4, layout_rooms
D:2:      layout_basic, shapermc_ecumenical_altar_acropolis, uniq_robin,
          uniq_sigmund

Action                   || total
-------------------------++-------
Melee: Falchion          ||    61
 Stab: Sleeping          ||     2
Armor: Robe              ||    17
Dodge: Dodged            ||    47
       Rpst.: Falchion   ||    11
